 Dungeon Crawl Stone Soup version 0.13.1-2-gfb2c2b7 (webtiles) character file.

34680 Chiseanne the Prestidigitator (level 13, -2/110 HPs)
             Began as a Pale Draconian Artificer on Dec 8, 2013.
             Was a High Priest of Nemelex Xobeh.
             Slain by an azure jelly (43 damage)
             ... on Level 7 of the Lair of Beasts on Dec 9, 2013.
             The game lasted 01:57:12 (24163 turns).

Chiseanne the Prestidigitator (DrAr)               Turns: 24163, Time: 01:57:12

HP  -2/110       AC 13     Str 14      XL: 13   Next: 37%
MP  27/28        EV 20     Int 15      God: Nemelex Xobeh [*****.]
Gold 1113        SH 29     Dex 14      Spells:  3 memorised, 15 levels left

Res.Fire  : . . .   See Invis. : .   a - +2,+6 dwarf war axe (chop)
Res.Cold  : . . .   Warding    : .   (armour unavailable)
Life Prot.: . . .   Conserve   : .   B - +0 orc large shield
Res.Poison: +       Res.Corr.  : .   (helmet restricted)
Res.Elec. : +       Clarity    : .   M - +1 cloak
Sust.Abil.: . .     Spirit.Shd : .   j - +2 pair of gauntlets
Res.Mut.  : +       Stasis     : .   (no boots)
Res.Rott. : .       Flight     : .   c - amulet of resist mutation
Saprovore : . . .                    q - ring of poison resistance
                                     C - +5 ring of evasion

@: somewhat resistant to hostile enchantments, fairly stealthy
A: breathe steam, unfitting armour, regeneration 1, electricity resistance, spit
poison 1, AC +8
a: Spit Poison, Breathe Steam, Draw One, Peek at Two, Triple Draw, Deal Four,
Stack Five, Renounce Religion


You were on level 7 of the Lair of Beasts.
You worshipped Nemelex Xobeh.
Nemelex Xobeh was extremely pleased with you.
You were not hungry.

You visited 3 branches of the dungeon, and saw 20 of its levels.
You also visited: Sewer.

You collected 1251 gold pieces.
You spent 158 gold pieces at shops.

Inventory:

Hand weapons
 a - a +2,+6 dwarven war axe of chopping (weapon)
 b - a +0,+0 broad axe
 s - the cursed +2,-1 falchion "Twesoadu" {freeze, rC- rN+ SInv}
   (You found it on level 4 of the Lair of Beasts)

   It has been specially enchanted to freeze those struck by it, causing extra
   injury to most foes and up to double damage against particularly susceptible
   opponents.
   It can also slow down cold-blooded creatures.
   It makes you vulnerable to cold.
   It protects you from negative energy.
   It enhances your eyesight.
   It has a curse placed upon it.
 w - a +1 blowgun
Missiles
 v - 5 curare-tipped needles
Armour
 j - a +2 pair of gauntlets (worn)
 B - a +0 orcish large shield (worn)
 M - a +1 cloak (worn)
Magical devices
 e - a wand of enslavement (19)
 g - a wand of confusion (1) {unknown}
 I - a wand of disintegration (3)
 N - a wand of random effects (13)
 P - a wand of draining (8)
 Q - a wand of random effects (5)
 T - a wand of polymorph (12)
Comestibles
 K - 4 meat rations
Scrolls
 d - a scroll of blinking
 n - 5 scrolls of teleportation
 D - 5 scrolls of fog
 G - a scroll of remove curse
Jewellery
 c - an amulet of resist mutation (around neck)
 l - an uncursed ring of flight
 q - a ring of poison resistance (right hand)
 C - a +5 ring of evasion (left hand)
 H - an uncursed ring of protection from cold
 V - an uncursed ring of teleportation
Potions
 h - 6 potions of curing
 k - 2 potions of berserk rage
 o - 4 potions of heal wounds
 p - 5 potions of might
 r - a potion of restore abilities
 y - 2 potions of speed
 E - a potion of flight
Miscellaneous
 f - a legendary deck of summonings {drawn: 7} {god gift}
 i - a plain deck of summonings {god gift}
 u - an ornate deck of summonings {drawn: 4} {god gift}
 z - a legendary deck of escape {the Banshee, left: 5} {god gift}
 L - an ornate deck of escape {the Banshee, left: 4} {god gift}
 O - a plain deck of summonings {drawn: 9} {god gift}
 R - a legendary deck of summonings {drawn: 7} {god gift}
 S - a lamp of fire
 W - an ornate deck of summonings {drawn: 1} {god gift}


   Skills:
 * Level 11.4 Fighting
   Level 1.0 Short Blades
 * Level 7.0 Axes
   Level 2.0 Maces & Flails
 - Level 0.1 Throwing
 * Level 11.3 Dodging
 - Level 0.8 Stealth
 * Level 6.3 Shields
 - Level 5.6 Spellcasting
 * Level 8.6 Summonings
   Level 3.2 Earth Magic
 * Level 13.3 Evocations


You had 15 spell levels left.
You knew the following spells:

 Your Spells              Type           Power        Failure   Level  Hunger
a - Recall                Summ/Tloc      N/A          89%         3    ###....
b - Call Imp              Summ           ####......   10%         2    #......
c - Call Canine Familiar  Summ           ####......   17%         3    ###....


Dungeon Overview and Level Annotations

Branches:
Dungeon (12/27)            Temple (1/1) D:7             Orc (0/4) D:9
   Lair (7/8) D:10          Swamp (0/5) Lair:3        Snake (0/5) Lair:5
  Slime: Lair:6-8

Altars:
Ashenzari
Cheibriados
Elyvilon
Fedhas
Kikubaaqudgha
Makhleb
Nemelex Xobeh
Okawaru
Sif Muna
Trog
Vehumet
Xom
Yredelemnul
Zin
the Shining One

Shops:
D:7 (

Annotations:
D:7 exclusion: oklob plant
D:9 Maurice


Innate Abilities, Weirdness & Mutations

You can breathe blasts of scalding steam.
Your pale cyan-grey scales are hard (AC +8).
Your body does not fit into most forms of armour.
Your cold-blooded metabolism reacts poorly to cold.
Your natural rate of healing is unusually fast.
You are resistant to electric shocks.
You can spit poison.


Message History

You hit the azure jelly. You tail-slap the azure jelly.
The azure jelly is lightly wounded.
The azure jelly hits you but does no damage.
You block the azure jelly's attack. The azure jelly closely misses you.
Your brown very ugly thing misses the azure jelly.
The azure jelly closely misses you.
The azure jelly hits you but does no damage.
The azure jelly completely misses you. The azure jelly hits you.
Your brown very ugly thing claws the azure jelly.
The azure jelly is splashed with acid.
The azure jelly hits you. The azure jelly freezes you!
The azure jelly hits you but does no damage.
The azure jelly completely misses you. The azure jelly closely misses you.
Your shield prevents you from hitting the azure jelly.
The azure jelly is moderately wounded.
You feel yourself speed up. The azure jelly hits you.
The azure jelly freezes you!
You die...
Your body glows slightly and disappears.

##.#...###.#######.###
##.....#### ###
##....## #......#
#.....######## #####
#....#.##..#.###.P..
#...................
##..........>........
#...@................
##..Ju###.......#..##
##...##.#.####.###.#
#.....#...f#...#Y..#
#...................
#....................
##f..................
##..................
#...................


You could see an azure jelly and a friendly brown very ugly thing.

Vanquished Creatures
  The ghost of xqwzts the Basher, a powerful MiFi of Okawaru (D:11)
  3 hydras
  3 death yaks (Lair:6)
  A hill giant (D:11)
  A cyclops (D:10)
  A griffon (Lair:6)
  5 black mambas
  A guardian serpent (Lair:5)
  6 spiny frogs
  2 fire drakes
  Grinder (D:3)
  A two-headed ogre (D:12)
  A giant leech (Lair:3)
  13 blink frogs
  3 basilisks
  A harpy skeleton (D:12)
  An ugly thing (Lair:4)
  19 yaks
  Eustachio (D:9)
  2 vampire mosquitoes (Lair:5)
  A wraith (D:10)
  A hill giant zombie (D:8)
  4 hippogriffs
  A wyvern (D:11)
  7 wolves
  8 giant frogs
  3 porcupines
  2 manticores
  9 gargoyles (D:12)
  A necrophage (D:9)
  2 black bears
  A phantom (D:9)
  4 ogres
  4 orc warriors
  3 sky beasts
  9 crocodiles
  An ice beast (D:7)
  3 centaurs
  Duvessa (D:5)
  3 giant slugs (Lair:2)
  2 boring beetles (D:10)
  12 water moccasins
  5 agate snails
  7 killer bees
  A cyclops skeleton (D:10)
  11 crimson imps
  6 wights
  2 goliath beetles (D:12)
  5 orc priests
  Dowan (D:5)
  2 giant frog zombies (D:8)
  7 orc wizards
  A quasit (D:6)
  A jelly (D:5)
  3 scorpions
  8 hounds
  A basilisk skeleton (D:11)
  6 iguanas
  6 worker ants
  12 sheep (Lair:1)
  A hound skeleton (D:8)
  A mummy (D:5)
  21 adders
  64 green rats
  5 giant centipedes
  2 giant mites
  A shadow imp (D:8)
  3 white imps (D:8)
  3 worms
  An adder zombie (D:6)
  16 grey rats (Sewer)
  3 giant eyeballs
  10 giant geckos
  51 orcs
  20 bats
  9 giant cockroaches
  21 hobgoblins
  12 jackals
  10 quokkas
  4 ball pythons (Sewer)
  A giant gecko skeleton (D:6)
  4 giant newts
  10 goblins
  3 hobgoblin zombies (D:5)
  30 kobolds
  An orc zombie (D:5)
  22 rats
  5 ballistomycetes
  2 bushes
  20 fungi
  14 plants
604 creatures vanquished.

Vanquished Creatures (collateral kills)
  A bone dragon (Lair:6)
  2 hydras
  5 death yaks (Lair:5)
  A hill giant (D:10)
  3 oklob plants (Lair:6)
  2 spiny frogs
  2 komodo dragons
  A two-headed ogre (D:9)
  A troll (D:12)
  A giant firefly (D:7)
  5 blink frogs
  A giant leech (Lair:3)
  An ugly thing (Lair:1)
  A wyvern (D:12)
  2 griffon skeletons (D:11)
  A vampire mosquito (Lair:5)
  2 hungry ghosts
  A soldier ant (D:9)
  An orc warrior (D:7)
  3 ogres
  2 boring beetles
  2 insubstantial wisps (D:10)
  2 killer bees (D:12)
  3 wights (D:12)
  2 hounds
  A giant frog zombie (D:6)
  2 jellies (D:7)
  A giant frog skeleton (D:11)
  An orange rat (D:7)
  3 green rats (Lair:4)
  3 grey rats (Sewer)
  An ooze (D:7)
  6 orcs
  A bat (Lair:1)
  A giant cockroach (D:3)
  2 jackals (Lair:2)
  A kobold (D:1)
  A hobgoblin skeleton (D:4)
  4 rats
  7 plants
83 creatures vanquished.

Vanquished Creatures (others)
  A green death (Lair:5)
  A very ugly thing (Lair:5)
  3 dancing weapons
  2 spiny frogs (Lair:3)
  A komodo dragon (Lair:5)
  A grizzly bear (D:9)
  3 hogs
  A hippogriff (D:10)
  A vampire mosquito (Lair:5)
  A soldier ant (Lair:6)
  10 black bears
  5 yellow wasps (D:10)
  4 insubstantial wisps (D:10)
  14 hounds
  An iron imp (Lair:2)
  2 orange rats (Lair:6)
  A two-headed ogre skeleton (D:12)
  2 lemures (Lair:4)
  A human (D:2)
  2 giant spores
  10 fungi
67 creatures vanquished.

Grand Total: 754 creatures vanquished

Notes
Turn   | Place    | Note
--------------------------------------------------------------
     0 | D:1      | Chiseanne, the Draconian Artificer, began the quest for the Orb.
     0 | D:1      | Reached XP level 1. HP: 17/17 MP: 1/1
   265 | D:1      | Reached XP level 2. HP: 18/24 MP: 3/3
   794 | D:1      | Reached XP level 3. HP: 29/29 MP: 4/4
  1025 | D:2      | Found a glowing silver altar of Zin.
  1483 | D:2      | Found an ancient bone altar of Kikubaaqudgha.
  1496 | D:2      | Noticed a human zombie
  2254 | D:3      | Reached skill level 4 in Evocations
  2254 | D:3      | Reached XP level 4. HP: 28/36 MP: 4/6
  3062 | D:3      | Found a sparkling altar of Nemelex Xobeh.
  3075 | D:3      | Became a worshipper of Nemelex Xobeh
  3080 | D:3      | Received a gift from Nemelex Xobeh
  3089 | D:3      | Learned a level 3 spell: Recall
  3217 | D:3      | Acquired Nemelex Xobeh's first power
  3594 | D:3      | Noticed Grinder
  3605 | D:3      | Killed Grinder
  3605 | D:3      | Reached skill level 1 in Maces & Flails
  3605 | D:3      | Reached XP level 5. HP: 27/42 MP: 8/8
  3605 | D:3      | Reached XP level 6. HP: 31/49 MP: 10/10
  3816 | D:2      | Gained mutation: Your tail ends in a poisonous barb. [helix card]
  3816 | D:2      | Acquired Nemelex Xobeh's second power
  3818 | D:2      | Lost mutation: Your tail ends in a poisonous barb. [helix card]
  3819 | D:2      | Gained mutation: You are dopey. (Int -2) [helix card]
  3820 | D:2      | Reached skill level 7 in Fighting
  3820 | D:2      | Reached skill level 5 in Spellcasting
  3820 | D:2      | Reached skill level 8 in Evocations
  3820 | D:2      | Your scales start fading to a pale cyan-grey colour.
  3820 | D:2      | Reached skill level 9 in Evocations
  3820 | D:2      | Reached XP level 7. HP: 55/60 MP: 1/17
  4096 | D:2      | Lost mutation: You are dopey. (Int -2) [helix card]
  4096 | D:2      | Gained mutation: You can spit poison. [helix card]
  4172 | D:1      | Received a gift from Nemelex Xobeh
  5447 | D:5      | Entered Level 5 of the Dungeon
  5713 | D:5      | Acquired Nemelex Xobeh's third power
  5788 | D:5      | Noticed Duvessa
  5790 | D:5      | Noticed Dowan
  5807 | D:5      | Duvessa (ally) was killed
  5807 | D:5      | Your ally died
  5809 | D:5      | Killed Dowan
  6174 | D:5      | Found a glowing drain.
  6223 | Sewer    | Entered a sewer
  6652 | Sewer    | Reached skill level 10 in Fighting
  6652 | Sewer    | Reached skill level 11 in Evocations
  6652 | Sewer    | Reached XP level 8. HP: 68/71 MP: 18/21
  6837 | Sewer    | Received a gift from Nemelex Xobeh
  7689 | D:6      | Noticed a fire drake
  7689 | D:6      | a goliath beetle changed into a fire drake
  7700 | D:6      | Killed a fire drake
  8049 | D:6      | Reached XP level 9. HP: 78/78 MP: 22/22
  8114 | D:6      | Received a gift from Nemelex Xobeh
  8131 | D:6      | Acquired Nemelex Xobeh's fourth power
  8157 | D:6      | Found a white marble altar of Elyvilon.
  8158 | D:6      | Found an iron altar of Okawaru.
  8158 | D:6      | Found a bloodstained altar of Trog.
  8159 | D:6      | Found a basalt altar of Yredelemnul.
  8160 | D:6      | Found a deep blue altar of Sif Muna.
  8211 | D:6      | Received a gift from Nemelex Xobeh
  8879 | D:7      | Noticed an oklob plant
  8989 | D:7      | Found a staircase to the Ecumenical Temple.
  9004 | Temple   | Entered the Ecumenical Temple
  9546 | D:7      | Reached skill level 1 in Shields
  9711 | D:7      | Paralysed by a giant eyeball for 3 turns
  9717 | D:7      | Paralysed by a giant eyeball for 4 turns
  9724 | D:7      | Paralysed by a giant eyeball for 3 turns
  9858 | D:7      | Found Ciedian's Antique Weapon Boutique.
  9865 | D:7      | Bought a runed dwarven war axe for 158 gold pieces
 10319 | D:8      | Paralysed by a giant eyeball for 4 turns
 10840 | D:8      | Reached XP level 10. HP: 71/85 MP: 24/24
 11032 | D:8      | Received a gift from Nemelex Xobeh
 11074 | D:9      | Reached skill level 1 in Axes
 11278 | D:9      | Noticed Maurice
 11282 | D:10     | Entered Level 10 of the Dungeon
 11596 | D:10     | Received a gift from Nemelex Xobeh
 11811 | D:10     | Found a staircase to the Lair.
 11820 | D:10     | Noticed a bone dragon
 11840 | D:10     | Noticed a hill giant
 11850 | D:10     | Killed a hill giant
 12037 | D:10     | Noticed a cyclops
 12041 | D:10     | Killed a cyclops
 12041 | D:10     | Reached skill level 12 in Evocations
 12103 | D:10     | Acquired Nemelex Xobeh's fifth power
 12103 | D:10     | Received a gift from Nemelex Xobeh
 12798 | D:9      | Noticed Eustachio
 12803 | D:9      | Killed Eustachio
 12812 | D:9      | Received a gift from Nemelex Xobeh
 13400 | D:9      | Found a staircase to the Orcish Mines.
 13684 | D:11     | Received a gift from Nemelex Xobeh
 13713 | D:11     | Noticed a hill giant
 13719 | D:11     | Killed a hill giant
 13719 | D:11     | Reached XP level 11. HP: 25/93 MP: 19/25
 13725 | D:11     | Noticed a five-headed hydra
 13884 | D:11     | Noticed xqwzts' ghost (powerful MiFi)
 14096 | D:11     | Killed a five-headed hydra
 14340 | D:11     | Received a gift from Nemelex Xobeh
 14370 | D:11     | Killed xqwzts' ghost
 15100 | D:12     | Gained mutation: Your natural rate of healing is unusually fast. [potion of beneficial mutation]
 15510 | D:12     | Received a gift from Nemelex Xobeh
 15933 | Lair:1   | Entered Level 1 of the Lair of Beasts
 16219 | Lair:1   | Noticed a six-headed hydra
 16221 | Lair:1   | Killed a six-headed hydra
 16370 | Lair:1   | Reached skill level 10 in Dodging
 16502 | Lair:1   | Received a gift from Nemelex Xobeh
 17227 | Lair:1   | Reached skill level 5 in Axes
 17322 | Lair:2   | Reached XP level 12. HP: 63/102 MP: 25/27
 17866 | Lair:2   | Received a gift from Nemelex Xobeh
 18275 | Lair:2   | Noticed a five-headed hydra
 18308 | Lair:2   | Killed a five-headed hydra
 18314 | Lair:2   | Received a gift from Nemelex Xobeh
 18991 | Lair:3   | Gained mutation: You are resistant to electric shocks. [potion of beneficial mutation]
 19110 | Lair:3   | Reached skill level 5 in Shields
 19195 | Lair:3   | Received a gift from Nemelex Xobeh
 19703 | Lair:3   | Found a staircase to the Swamp.
 20526 | Lair:4   | Got an iridescent falchion
 20527 | Lair:4   | Identified the cursed +2,-1 falchion "Twesoadu" {freeze, rC- rN+ SInv} (You found it on level 4 of the Lair of Beasts)
 20744 | Lair:4   | Received a gift from Nemelex Xobeh
 21308 | Lair:5   | Noticed a five-headed hydra
 21317 | Lair:5   | Received a gift from Nemelex Xobeh
 21332 | Lair:5   | Killed a five-headed hydra
 21341 | Lair:5   | Reached skill level 13 in Evocations
 21541 | Lair:5   | Found a staircase to the Snake Pit.
 21560 | Lair:5   | Reached XP level 13. HP: 110/110 MP: 16/28
 21968 | Lair:6   | Received a gift from Nemelex Xobeh
 22088 | Lair:6   | Received a gift from Nemelex Xobeh
 23015 | Lair:6   | Received a gift from Nemelex Xobeh
 23034 | Lair:6   | Noticed a bone dragon
 23043 | Lair:6   | Killed a bone dragon
 23133 | Lair:6   | Learned a level 2 spell: Call Imp
 23137 | Lair:6   | Learned a level 3 spell: Call Canine Familiar
 24153 | Lair:7   | Noticed an azure jelly
 24159 | Lair:7   | Received a gift from Nemelex Xobeh
 24163 | Lair:7   | Slain by an azure jelly

Action                   |  1- 3 |  4- 6 |  7- 9 | 10-12 | 13-15 || total
-------------------------+-------+-------+-------+-------+-------++-------
Melee: Short sword       |    59 |       |       |       |       ||    59
       Dagger            |    41 |       |       |       |       ||    41
       Whip              |    70 |   113 |   648 |       |       ||   831
       War axe           |       |       |   112 |  1057 |   221 ||  1390
Throw: Dagger            |       |       |     1 |       |       ||     1
       Dart              |       |       |       |     1 |       ||     1
Invok: Draw One          |       |     4 |    20 |    84 |    20 ||   128
       Peek at Two       |       |       |     3 |    10 |     3 ||    16
       Stack Five        |       |       |       |     3 |       ||     3
 Abil: Breathe Steam     |       |       |     1 |       |       ||     1
Evoke: Wand              |     6 |    19 |    29 |    20 |     5 ||    79
       Deck              |       |     1 |       |       |       ||     1
  Use: Scroll            |     6 |       |    13 |    17 |     1 ||    37
       Potion            |       |       |     4 |     5 |     1 ||    10
 Stab: Distracted        |     1 |       |       |       |       ||     1
       Sleeping          |       |       |     5 |     1 |     2 ||     8
       Paralysed         |       |       |     7 |       |       ||     7
